 Dungeon Crawl Stone Soup version 0.28-a0-863-g8cecda6153 (webtiles) character file.

Game seed: 7270587744228692754

0 meatgazer the Skirmisher (level 1, 0/18 HPs)
             Began as a Demonspawn Abyssal Knight on Nov 17, 2021.
             Was a Follower of Lugonu.
             Slain by a thrashing horror (3 damage)
             ... on level 4 of the Abyss.
             The game lasted 00:00:27 (91 turns).

meatgazer the Skirmisher (Demonspawn Abyssal Knight)  Turns: 91, Time: 00:00:29

Health: 0/18       AC:  3    Str: 13    XL:     1   Next: 0%
Magic:  2/2        EV: 11    Int: 11    God:    Lugonu [*.....]
Gold:   44         SH:  0    Dex: 13    Spells: 0/0 levels left

rFire   . . .      SeeInvis .   a - +1 mace
rCold   . . .      Faith    .   (no shield)
rNeg    . . .      Spirit   .   b - +0 leather armour
rPois   .          Reflect  .   (no helmet)
rElec   .          Harm     .   (no cloak)
rCorr   .          Rampage  .   (no gloves)
Will    .....                   (no boots)
Stlth   +.........              (no amulet)
HPRegen 0.06/turn               (no ring)
MPRegen 0.08/turn               (no ring)

@: no status effects
A: no striking features
a: Renounce Religion, Depart the Abyss


You were on level 4 of the Abyss.
You worshipped Lugonu.
Lugonu was aware of your devotion.
You visited 0 branches of the dungeon, and saw 0 of its levels.
You visited the Abyss 1 time.

You collected 44 gold pieces.

Inventory:

Hand Weapons
 a - a +1 mace (weapon)
Armour
 b - a +0 leather armour (worn)
Potions
 c - a potion of berserk rage {unknown}
 d - a potion of curing {unknown}
Miscellaneous
 e - a phantom mirror (inert)


   Skills:
 + Level 3.0 Fighting
 + Level 1.7 Maces & Flails
 + Level 1.7 Armour
 + Level 0.8 Dodging
 + Level 2.4 Invocations


You couldn't memorise any spells.
You didn't know any spells.
Your spell library contained the following spells:

 Spells                   Type           Power      Damage    Failure   Level
 Corpse Rot               Necr/Air       0%         N/A       56%         2
 Dispel Undead            Necr           0%         3d6       99%         4
 Death Channel            Necr           0%         N/A       100%        6


Dungeon Overview and Level Annotations

Branches:
Dungeon (0/15)

Altars:


Message History

Found a gateway leading deeper into the Abyss.
You see here a bubbling inky potion.
d - a bubbling inky potion The will-o-the-wisp gestures.
The will-o-the-wisp conjures some foxfire! 2 foxfires come into view.
The will-o-the-wisp gestures.
The will-o-the-wisp conjures some foxfire!
A foxfire comes into view.
The foxfire moves out of view.
A foxfire comes into view.
The foxfire dissipates!
The foxfire dissipates!
Found a book of Geomancy.
A ynoxinul comes into view.
There is a gateway leading deeper into the Abyss here.
You plunge deeper into the Abyss.
The abyssal rune of Zot can be found at this depth.
Found a phantom mirror and 5 javelins.
Found 28 gold pieces.
Found two portals.
You see here a phantom mirror.
Unknown command.
e - a phantom mirror
Found 21 gold pieces.
There is a gateway leading deeper into the Abyss here.
A thrashing horror comes into view.
Found 13 stones.
The thrashing horror roars!
You hear a roar!
There is a gateway leading deeper into the Abyss here.
The thrashing horror tramples you!
You stumble backwards!
You stop descending the stairs.
You aren't carrying any scrolls.
Aiming: Phantom Mirror
Press: ? - help, Dir - move target, f - thrashing horror
Aim: a thrashing horror You reflect the thrashing horror with the mirror!
The mirror clouds!
The thrashing horror tramples you!
* * * LOW HITPOINT WARNING * * *
You hold your ground!
The thrashing horror tramples you.
You die...

#.. #..# #..#
#... ..... ... .
.....# #(## ≈.
......##..## .#
..$#.#...#.#.#
##..#.......#
#.....#.#.# .
##.##..@..# .#
#..##X#.#..#
#.X#..# ..#
#...#.§.....
#....$....§##..#
(..#..#..#..#∩.
. ##.#.#....#..
# #.#........
#X#.#....#.


You could see a thrashing horror (ally target) and a friendly thrashing horror
(summoned, drained).

Vanquished Creatures (others)
  3 foxfires (Abyss:3)
3 creatures vanquished.

Notes
Turn   | Place    | Note
-------+----------+-------------------------------------------
     0 | Abyss:1  | meatgazer the Demonspawn Abyssal Knight began the quest for
                  | the Orb.
     0 | Abyss:1  | Reached XP level 1. HP: 18/18 MP: 2/2
    69 | Abyss:3  | Noticed a will-o-the-wisp
    77 | Abyss:3  | Noticed a ynoxinul
    87 | Abyss:4  | Noticed a thrashing horror
    90 | Abyss:4  | Noticed a thrashing horror
    91 | Abyss:4  | Slain by a thrashing horror

Illustrated notes

Levels and vault maps discovered:
Abyss:4:  base: Temple, base: Temple, base: Temple,
          hangedman_abyss_stitches_cave, patterned_corridor,
          evilmike_abyss_exit_4

Action                   || total
-------------------------++-------
Evoke: Phantom mirror    ||     1
  Use: Scroll            ||     1

Table legend: (Time is in decaauts)
 A = Elapsed time spent in this place.
 B = Non-inter-level travel time spent in this place.
 C = Inter-level travel time spent in this place.
 D = Time resting spent in this place.
 E = Time spent auto-exploring this place.
 F = Levels seen in this place.
 G = Mean time per level.
                   A        B        C        D        E       F      G
               +--------+--------+--------+--------+--------+-----+--------+
         Total |     90 |     90 |      0 |      0 |     46 |   4 |   22.5 |
         Abyss |     90 |     90 |      0 |      0 |     46 |   4 |   22.5 |
               +--------+--------+--------+--------+--------+-----+--------+

Top non-repeatable levels by time:
 Abyss:3: 39 daAuts
 Abyss:1: 20 daAuts
 Abyss:2: 19 daAuts
 Abyss:4: 10 daAuts
